[Event "Cotswold Congress 2004 Open"]
[Site "Cheltenham"]
[Date "2004.05.31"]
[Round "6"]
[White "Curnow, David"]
[Black "Thomas, J.."]
[Result "1-0"]
[ECO "E97"]
[WhiteElo "171"]
[BlackElo "139"]
[PlyCount "75"]
[EventDate "2004.??.??"]
[TimeControl "240+2"]

1. d4 Nf6 2. c4 g6 3. Nc3 Bg7 4. Nf3 O-O 5. e4 d6 6. Be2 e5 7. O-O Nc6 8. d5
Ne7 9. b4 Nd7 10. c5 (10. Be3 $142 $14) 10... dxc5 11. bxc5 Nxc5 12. Ba3 Nd7
13. Nb5 f5 $6 (13... c6 $11) 14. Ng5 Nb6 15. Nxc7 Qxc7 16. d6 Qc3 17. dxe7 Re8
(17... Qxa3 18. Bc4+ Kh8 19. Nf7+ Rxf7 20. e8=Q+ Rf8 21. Qb5) 18. Rc1 $1 Qxa3
19. Bc4+ Kh8 20. Nf7+ Kg8 21. Nh6+ Kh8 22. Nf7+ Kg8 23. Nxe5+ Kh8 24. Nf7+ Kg8
25. Nh6+ Kh8 26. Nf7+ Kg8 27. Nd6+ Kh8 28. Nxe8 Qxe7 29. Nxg7 Kxg7 30. Qd4+ Qf6
31. e5 Qg5 32. Bb3 f4 33. Rc7+ Kh6 34. e6 f3 35. Qg7+ Kh5 36. Qxh7+ Kg4 37.
Qh3+ Kf4 38. Qxf3+ 1-0

[Event "Cotswold Congress 2004 Open"]
[Site "Cheltenham"]
[Date "2004.05.31"]
[Round "6"]
[White "Hosken, Nigel"]
[Black "Beaumont, Chris"]
[Result "1/2-1/2"]
[ECO "A21"]
[WhiteElo "180"]
[BlackElo "213"]
[PlyCount "62"]
[EventDate "2004.??.??"]
[TimeControl "240+2"]

1. d4 d6 2. c4 e5 3. Nf3 e4 4. Ng5 f5 5. Nc3 c6 6. Nh3 Na6 7. e3 Nf6 8. Nf4 Be7
9. h4 O-O 10. d5 (10. h5 $142 $11) 10... Nc7 $15 11. Be2 Nd7 12. Bd2 Bf6 13.
Rb1 c5 14. g3 (14. g4 Ne5 15. g5 Be7 16. Qb3 $11) 14... Ne5 15. a3 Bd7 16. b4
b6 17. Kf1 g6 (17... cxb4 18. axb4 a5 $17) 18. Kg2 Rb8 19. Qc2 Qe7 20. Rb3 Rfc8
21. bxc5 dxc5 22. a4 Ne8 23. Rhb1 Nd6 24. Nb5 Nxb5 25. axb5 a5 26. Rh1 (26.
bxa6 Ba4 27. Qa2 Bxb3 28. Rxb3 Rc7 29. Ne6 Ra7 $15) 26... Ra8 27. Bc3 Nf7 (
27... Qd6 $142) 28. Qb2 (28. d6 $1 Qd8 29. Nd5 Bxc3 30. Qxc3 $18) 28... Bxc3
29. Qxc3 Qe5 30. d6 Rab8 31. Rd1 Rd8 1/2-1/2

[Event "Cotswold Congress 2004 Open"]
[Site "Cheltenham"]
[Date "2004.05.31"]
[Round "6"]
[White "Sisask, Jesper"]
[Black "Gilmour, Andrew J"]
[Result "1-0"]
[ECO "A43"]
[WhiteElo "166"]
[BlackElo "174"]
[PlyCount "95"]
[EventDate "2004.??.??"]
[TimeControl "240+2"]

1. d4 c5 2. d5 g6 3. e4 d6 4. Nc3 Bg7 5. Nf3 Nf6 6. Bf4 O-O 7. a4 Na6 8. Be2
Nc7 (8... Qb6 $11) 9. O-O $14 a6 10. h3 b6 11. Qd2 Bb7 12. Rfe1 Qd7 13. Rab1
Rad8 (13... Rfc8) 14. b4 $16 Ba8 15. bxc5 bxc5 16. Rb6 Rb8 17. Reb1 Rxb6 18.
Rxb6 Qc8 (18... Nxe4 $1 19. Nxe4 Nxd5 20. Rxa6 Qf5 $11) 19. Qe3 $2 (19. Bc4
$142 $16) 19... Bxd5 (19... Nxe4 20. Qxe4 Bxc3 $17) 20. Rb1 (20. Bxa6 Qd8 21.
Rb1 $11) 20... Be6 21. Bh6 Qa8 22. Bxg7 Kxg7 23. e5 Nfd5 24. Nxd5 Nxd5 25. Qd2
Qc6 26. a5 Rd8 27. h4 Bf5 28. Rd1 Be6 29. h5 h6 30. Rb1 Bf5 31. Nh4 Nb4 32.
Nxf5+ gxf5 33. Qc3 Nd5 34. Qf3 e6 35. Rb6 Qa8 $2 (35... Qa4 36. Rxd6 Rxd6 37.
exd6 Qxa5) 36. Rxa6 Qb7 37. exd6 (37. Rxd6 Rxd6 38. exd6 Qd7 39. Qg3+ Kf8 40.
Qe5 $18) 37... Qb1+ 38. Kh2 Qa1 (38... Qxc2 $142) 39. Qg3+ Kh7 40. Ra7 Qf6 41.
d7 Rg8 $4 42. Qxg8+ Kxg8 43. Ra8+ Kg7 44. d8=Q Qe5+ 45. Kg1 Qa1+ 46. Bf1 Qxf1+
47. Kxf1 Ne3+ 48. fxe3 1-0

[Event "Cotswold Congress 2004 Open"]
[Site "Cheltenham"]
[Date "2004.05.31"]
[Round "6"]
[White "Spiller, Paul"]
[Black "Beveridge, Nigel"]
[Result "1/2-1/2"]
[ECO "C00"]
[WhiteElo "142"]
[BlackElo "165"]
[PlyCount "59"]
[EventDate "2004.??.??"]
[TimeControl "240+2"]

1. e4 e6 2. d3 d5 3. Nd2 c5 4. Ngf3 Nc6 5. g3 Nf6 6. Bg2 Be7 7. O-O O-O 8. h3
b5 9. Nh2 Qc7 10. f4 c4 11. e5 Bc5+ 12. Kh1 Nd7 13. Ndf3 cxd3 14. Qxd3 f6 15.
exf6 Nxf6 16. Bd2 Ne4 17. Ng5 Nxg5 18. fxg5 Bd7 19. Bf4 e5 $6 (19... Bd6 $11)
20. Qxd5+ Kh8 21. Qxc5 exf4 22. gxf4 (22. Rxf4 Rxf4 23. gxf4 Rc8 24. Rd1 $18)
22... Rf5 23. Qc3 Raf8 24. Rae1 $14 (24. Rad1 $18) 24... Qd6 $6 25. Rd1 Qc7 26.
Qe3 $6 (26. Rxd7 Qxd7 27. Qxc6 $18) 26... Be8 27. Kg1 Ne7 28. Rde1 Ng6 29. Kh1
$6 (29. Be4 Rxf4 30. Bxg6 Bxg6 31. Rxf4 Qxf4 32. Qxf4 Rxf4 33. Re7 $16) 29...
Bc6 30. Bxc6 1/2-1/2

[Event "Cotswold Congress 2004 Open"]
[Site "Cheltenham"]
[Date "2004.05.31"]
[Round "6"]
[White "Taylor, Geoffrey P"]
[Black "Ponter, Ian"]
[Result "1-0"]
[ECO "C55"]
[WhiteElo "159"]
[BlackElo "165"]
[PlyCount "45"]
[EventDate "2004.??.??"]
[TimeControl "240+2"]

1. e4 e5 2. Nf3 Nc6 3. Bc4 Nf6 4. d3 Be7 5. O-O O-O 6. Nc3 d6 7. h3 Na5 8. Qe2
Nxc4 9. dxc4 Kh8 10. Rd1 Qe8 11. c5 dxc5 (11... b6 $142 $11) 12. Nxe5 $14 b5 $6
(12... Be6) 13. Qxb5 Qxb5 14. Nxb5 Nxe4 15. Nxc7 Rb8 16. Nc6 Bh4 $2 (16... Rb7
$142 17. Nxe7 Rxc7 18. Nxc8 Rfxc8 19. Re1) 17. Nxb8 Bxf2+ 18. Kf1 Bg3 19. Nba6
f5 20. Be3 f4 21. Bxc5 f3 $2 22. Bxf8 Bxc7 23. Nxc7 1-0

[Event "Cotswold Congress 2004 Open"]
[Site "Cheltenham"]
[Date "2004.05.31"]
[Round "6"]
[White "White, Ernest M"]
[Black "Neat, Roger"]
[Result "1-0"]
[ECO "B24"]
[WhiteElo "155"]
[BlackElo "125"]
[PlyCount "61"]
[EventDate "2004.??.??"]
[TimeControl "240+2"]

1. e4 c5 2. Nc3 Nc6 3. g3 d6 4. Bg2 Nf6 5. d3 e6 6. Nge2 Be7 7. O-O O-O 8. h3
Bd7 9. Be3 Rc8 10. f4 a6 11. Qd2 b5 12. Rae1 b4 13. Nd1 a5 14. g4 e5 15. f5 Nd4
16. Ng3 Ne8 (16... Ba4 17. b3 Bc6 $15) 17. g5 Rb8 18. Kh1 Ba4 19. b3 Bc6 20.
Rg1 Ra8 (20... a4 $142) 21. Nf2 a4 22. Ra1 Nb5 (22... Nc7 $15) 23. h4 Nc3 24.
Ng4 Ra6 25. Bf3 Qa8 (25... f6 $142) 26. f6 $11 gxf6 $4 (26... Bd8 $11) 27.
Nxf6+ $6 (27. gxf6 Nxf6 28. Nxf6+ Bxf6 29. Nh5+ Kh8 30. Bg5 Bd8 31. Bh6 $18)
27... Nxf6 $2 (27... Kh8) 28. gxf6 Bxf6 29. Nh5+ Kh8 30. Nxf6 (30. Bg5) 30...
axb3 $2 31. Bh6 (31. Qg2 Rg8 32. Qxg8+ Qxg8 33. Rxg8#) 1-0

[Event "Cotswold Congress 2004 Open"]
[Site "Cheltenham"]
[Date "2004.05.31"]
[Round "6"]
[White "White, Stephen"]
[Black "Purry, Chris"]
[Result "1/2-1/2"]
[ECO "E04"]
[WhiteElo "164"]
[BlackElo "154"]
[PlyCount "45"]
[EventDate "2004.??.??"]
[TimeControl "240+2"]

1. Nf3 e6 2. c4 d5 3. g3 c5 4. Bg2 Nc6 5. O-O Nf6 6. d4 dxc4 7. Qa4 Bd7 8. Qxc4
cxd4 9. Nxd4 Rc8 10. Nxc6 (10. Nc3 $142) 10... Bxc6 11. Bxc6+ Rxc6 12. Qa4 Bc5
13. Nc3 O-O 14. Bg5 h6 15. Rad1 Qe7 16. Bxf6 Qxf6 17. Rd7 Rfc8 18. e3 Qf3 (
18... Rb6 $142) 19. Qe4 (19. Rxb7 $14) 19... Qxe4 20. Nxe4 R8c7 21. Nxc5 Rxc5
22. Rfd1 Kf8 23. Kf1 1/2-1/2